 Dungeon Sprint DCSS version 0.28.0-53-g5a82cb258f (webtiles) character file.

Game seed: 12235676468654260446

12558 bnorton916 the Brawler (level 11, 0/117 HPs)
             Began as a Troll Fighter on June 5, 2022.
             Was the Champion of Makhleb.
             Slain by a 12-headed hydra (7 damage)
             ... while paralysed by a floating eye
             ... in the Dungeon (Sprint I: "Red Sonja").
             The game lasted 00:09:32 (4269 turns).

bnorton916 the Brawler (Troll Fighter)              Turns: 4269, Time: 00:09:32

Health: 0/117      AC: 10    Str: 28    XL:     11   Next: 64%
Magic:  0/7        EV:  1    Int:  6    God:    Makhleb [******]
Gold:   1549       SH:  0    Dex: 11    Spells: 10/10 levels left

rFire   . . .      SeeInvis .     - Unarmed
rCold   + . .      Faith    .   b - +0 kite shield
rNeg    . . .      Spirit   +   n - +1 troll leather armour
rPois   .          Reflect  .   (helmet restricted)
rElec   .          Harm     .   p - +2 cloak
rCorr   .          Rampage  .   (gloves unavailable)
Will    .....      NoTele   +   (boots unavailable)
Stlth   +.........              r - amulet of Qinaegux {Spirit rC+ Regen+ Int+4}
HPRegen 2.69/turn               o - +6 ring of dexterity
MPRegen 0.10/turn               (no ring)

@: paralysed, unable to read
A: large, unfitting armour, claws 3, regeneration 1, shaggy fur 1, tough skin 1,
clumsy 2, dopey 2, frail 1, low MP 2, subdued magic 3, inability to read while
threatened
a: Renounce Religion, Minor Destruction, Lesser Servant of Makhleb, Major
Destruction, Greater Servant of Makhleb


You were in the Dungeon.
You worshipped Makhleb.
Makhleb was exalted by your worship.
You visited 1 branch You collected 2431 gold pieces.
You spent 882 gold pieces at shops.

Inventory:

Missiles
 m - 4 curare-tipped darts (quivered)
Armour
 b - a +0 kite shield (worn)
 n - a +1 troll leather armour (worn)
 p - a +2 cloak (worn)
Jewellery
 a - the ring "Doffuschoich" {Fire rElec}
   (You found it in the Dungeon)

   [ring of fire]

   It enhances your fire magic.
   rF:        It protects you from fire.
   rC:        It makes you vulnerable to cold.
   rElec:     It insulates you from electricity.
 o - a +6 ring of dexterity (left claw)
 r - the amulet of Qinaegux (around neck) {Spirit rC+ Regen+ Int+4}
   (You bought it in a shop in the Dungeon)

   [amulet of guardian spirit]

   It causes incoming damage to be divided between your reserves of health and
   magic.
   Int:       It affects your intelligence (+4).
   rC:        It protects you from cold.
   Regen:     It increases your rate of health regeneration.
Wands
 j - a wand of polymorph (1)
 q - a wand of flame (8)
Scrolls
 i - a scroll of blinking
Potions
 c - 2 potions of might
 d - 7 potions of curing
 e - 2 potions of heal wounds
 f - a potion of haste
 g - 3 potions of magic
 h - a potion of berserk rage
 l - a potion of attraction {unknown}


   Skills:
 + Level 14.1 Fighting
 - Level 12.9 Dodging
 - Level 10.0 Shields
 + Level 16.4 Unarmed Combat


You had 10 spell levels left.
You didn't know any spells.
Your spell library contained the following spells:

 Spells                   Type           Power      Damage    Failure   Level
 Sublimation of Blood     Necr           0%         N/A       75%         2
 Wereblood                Tmut           0%         N/A       75%         2
 Summon Hydra             Summ           0%         N/A       100%        7


Dungeon Overview and Level Annotations

Branches:
Dungeon (1/1)

Altars:
Cheibriados
Dithmenos
Elyvilon
Fedhas
Gozag
Hepliaklqana
Kikubaaqudgha
Makhleb
Nemelex Xobeh
Okawaru
Qazlal
Ru
Sif Muna
Trog
Uskayaw
Vehumet
Wu Jian
Xom
Yredelemnul
Zin
The Shining One
Jiyva
Lugonu

Shops:
D (!=!:=[[*?*?=:![[*=[?


Innate Abilities, Weirdness & Mutations

You are too large for most types of armour.
You have claws for hands.
Your natural rate of healing is unusually fast.
You are covered in fur. (AC +1)
You have tough skin. (AC +1)
You are very clumsy. (Dex -4)
You are very dopey. (Int -4)
You are frail. (-10% HP)
Your magical capacity is very low. (-20% MP)
Your spells are much easier to cast, but much less powerful.
You sometimes lose the ability to read scrolls when taking damage.


Message History

Things that are here:
a +0 mace; a lindwurm skeleton
There is an open door, spattered with blood here.
Items here: ÷÷÷÷÷÷÷.
You open the door.
A 12-headed hydra and a floating eye come into view.
The 12-headed hydra roars!
The floating eye turns its gaze towards you.
The floating eye seems to glare at you. The 12-headed hydra bites you! x2
The 12-headed hydra bites you but does no damage. x2
The 12-headed hydra closely misses you. The 12-headed hydra bites you!
The 12-headed hydra barely misses you. The 12-headed hydra bites you. x2
The 12-headed hydra barely misses you. The 12-headed hydra bites you.
You block the 12-headed hydra's attack.
Found 54 gold pieces.
The floating eye gazes piercingly through you!
You suddenly lose the ability to move!
The 12-headed hydra bites you!
The 12-headed hydra bites you but does no damage.
The 12-headed hydra bites you!
The 12-headed hydra bites you but does no damage. x2
The 12-headed hydra bites you. The 12-headed hydra bites you!
You feel threatened and lose the ability to read scrolls!
The 12-headed hydra bites you! x2
* * * LOW HITPOINT WARNING * * *
The 12-headed hydra barely misses you. x2; The 12-headed hydra bites you.
* * * LOW HITPOINT WARNING * * *
The floating eye's stare focuses on you.
The 12-headed hydra bites you!
* * * LOW HITPOINT WARNING * * *
The 12-headed hydra bites you.
* * * LOW HITPOINT WARNING * * *
The 12-headed hydra bites you.
* * * LOW HITPOINT WARNING * * *
The 12-headed hydra bites you!
* * * LOW HITPOINT WARNING * * *
The 12-headed hydra bites you but does no damage.
The 12-headed hydra bites you!
You die...

######################
...#..#§))§§§§§§@DG.$#
...##'#.####§§§§§##$.+
...'§§#§# ##.§§## ##
####§§{.# ###+#
..##§#### ..#..○
..#...○ #'###..○
#.'.#...#


You could see a 12-headed hydra and a floating eye (charged).

Vanquished Creatures
  2 centaur warriors (D)
  Sonja (D)
  A deep troll (D)
  A lindwurm (D)
  8 shining eyes (D)
  An oklob plant (D)
  A salamander (D)
  A rime drake (D)
  3 demonic crawlers (D)
  A gargoyle (D)
  2 kobold demonologists (D)
  A hornet (D)
  A slime creature (D)
  Sigmund (D)
  A yak (D)
  13 hogs (D)
  2 redbacks (D)
  6 floating eyes (D)
  7 necrophages (D)
  An ogre (D)
  8 jellies (D)
  Ijyb (D)
64 creatures vanquished.

Vanquished Creatures (others)
  2 ballistomycete spores (D)
2 creatures vanquished.

Grand Total: 66 creatures vanquished

Notes
Turn   | Place    | Note
-------+----------+-------------------------------------------
     0 | D        | bnorton916 the Troll Fighter began the quest for the Orb.
     0 | D        | Reached XP level 1. HP: 22/22 MP: 0/0
     2 | D        | Noticed Ijyb
    19 | D        | Killed Ijyb
    20 | D        | Reached skill level 3 in Unarmed Combat
    20 | D        | Reached XP level 2. HP: 31/31 MP: 1/1
   286 | D        | Noticed an ogre
   292 | D        | Killed an ogre
   293 | D        | Reached skill level 4 in Unarmed Combat
   293 | D        | Reached XP level 3. HP: 22/40 MP: 2/2
   293 | D        | Reached XP level 4. HP: 27/49 MP: 3/3
   427 | D        | Noticed Sigmund
   439 | D        | Killed Sigmund
   440 | D        | Reached skill level 5 in Fighting
   440 | D        | Reached skill level 5 in Dodging
   440 | D        | Reached skill level 5 in Shields
   440 | D        | Reached skill level 6 in Unarmed Combat
   440 | D        | Reached XP level 5. HP: 30/59 MP: 4/4
   440 | D        | Reached XP level 6. HP: 34/67 MP: 5/5
   646 | D        | Found an ornate altar of the Wu Jian Council.
   646 | D        | Found a shimmering blue altar of Sif Muna.
   648 | D        | Found a radiant altar of Vehumet.
   686 | D        | Found a burning altar of Makhleb.
   686 | D        | Found a viscous altar of Jiyva.
   686 | D        | Found a shimmering altar of Xom.
   686 | D        | Found a corrupted altar of Lugonu.
   686 | D        | Noticed a slime creature
   691 | D        | Killed a slime creature
   692 | D        | Reached skill level 7 in Unarmed Combat
   695 | D        | Became a worshipper of Makhleb the Destroyer
   836 | D        | Found Arajaf's Distillery.
   836 | D        | Found an ancient bone altar of Kikubaaqudgha.
   836 | D        | Found a hazy altar of Hepliaklqana.
   836 | D        | Found a stormy altar of Qazlal.
   836 | D        | Found a hide-covered altar of Uskayaw.
   836 | D        | Found a blossoming altar of Fedhas.
   836 | D        | Found a bloodstained altar of Trog.
   836 | D        | Found an iron altar of Okawaru.
   836 | D        | Found a basalt altar of Yredelemnul.
   836 | D        | Found a glowing golden altar of the Shining One.
   836 | D        | Found a snail-covered altar of Cheibriados.
   836 | D        | Found a sacrificial altar of Ru.
   836 | D        | Found a glowing silver altar of Zin.
   836 | D        | Found a shadowy altar of Dithmenos.
   836 | D        | Found a white marble altar of Elyvilon.
   836 | D        | Noticed a yak
   837 | D        | Found an opulent altar of Gozag.
   842 | D        | Killed a yak
   843 | D        | Reached skill level 8 in Unarmed Combat
   843 | D        | Reached XP level 7. HP: 47/78 MP: 6/6
   843 | D        | Found a sparkling altar of Nemelex Xobeh.
   847 | D        | Bought 2 potions of curing for 60 gold pieces
   847 | D        | Bought a potion of heal wounds for 50 gold pieces
   847 | D        | Bought a potion of berserk rage for 50 gold pieces
  1027 | D        | Noticed Sonja
  1038 | D        | Killed Sonja
  1039 | D        | Reached skill level 9 in Unarmed Combat
  1039 | D        | Reached XP level 8. HP: 36/88 MP: 7/7
  1197 | D        | Noticed a deep troll
  1208 | D        | Killed a deep troll
  1208 | D        | Reached * piety under Makhleb
  1209 | D        | Reached skill level 10 in Unarmed Combat
  1379 | D        | Found Zoiru's Armour Emporium.
  1386 | D        | Bought a +2 cloak for 198 gold pieces
  1423 | D        | Found Tiwys's Antique Weapon Boutique.
  1578 | D        | Noticed a shining eye
  1578 | D        | Noticed a shining eye
  1578 | D        | Noticed a shining eye
  1578 | D        | Gained mutation: You are dopey. (Int -2) [a shining eye]
  1581 | D        | Paralysed by a floating eye for 2 turns
  1614 | D        | Killed a shining eye
  1615 | D        | Reached XP level 9. HP: 98/98 MP: 8/8
  1744 | D        | Killed a shining eye
  1744 | D        | Reached ** piety under Makhleb
  1745 | D        | Reached skill level 11 in Unarmed Combat
  1748 | D        | Gained mutation: You are clumsy. (Dex -2) [a shining eye]
  1749 | D        | Gained mutation: You are very clumsy. (Dex -4) [a shining
                  | eye]
  1751 | D        | Killed a shining eye
  2050 | D        | Noticed a shining eye
  2050 | D        | Noticed a shining eye
  2050 | D        | Noticed a shining eye
  2058 | D        | Paralysed by a floating eye for 4 turns
  2068 | D        | Paralysed by a floating eye for 4 turns
  2068 | D        | Gained mutation: You sometimes lose the ability to read
                  | scrolls when taking damage. [a shining eye]
  2071 | D        | Gained mutation: You have an increased reservoir of magic.
                  | (+10% MP) [a shining eye]
  2072 | D        | Lost mutation: You have an increased reservoir of magic.
                  | (+10% MP) [a shining eye]
  2073 | D        | Killed a shining eye
  2074 | D        | Reached skill level 10 in Fighting
  2074 | D        | Reached skill level 10 in Dodging
  2074 | D        | Reached skill level 10 in Shields
  2076 | D        | Gained mutation: You are very dopey. (Int -4) [a shining
                  | eye]
  2077 | D        | Gained mutation: Your spells are a little easier to cast,
                  | but a little less powerful. [a shining eye]
  2078 | D        | Killed a shining eye
  2078 | D        | Reached *** piety under Makhleb
  2079 | D        | Reached skill level 12 in Unarmed Combat
  2081 | D        | Reached XP level 10. HP: 111/111 MP: 9/9
  2332 | D        | Noticed a shining eye
  2332 | D        | Noticed a shining eye
  2355 | D        | Gained mutation: Your spells are easier to cast, but less
                  | powerful. [a shining eye]
  2356 | D        | Killed a shining eye
  2521 | D        | Killed a shining eye
  2521 | D        | Reached **** piety under Makhleb
  2537 | D        | Found Xaseuf's Distillery.
  2537 | D        | Found Xydet's Jewellery Emporium.
  2538 | D        | Found Dotie's Book Shop.
  2538 | D        | Found Etwubutu's Jewellery Boutique.
  2581 | D        | Noticed a centaur warrior
  2582 | D        | Noticed a centaur warrior
  2586 | D        | Killed a centaur warrior
  2587 | D        | Reached skill level 13 in Unarmed Combat
  2592 | D        | Killed a centaur warrior
  2635 | D        | Gained mutation: Your spells are much easier to cast, but
                  | much less powerful. [a shining eye]
  2636 | D        | Gained mutation: You are frail. (-10% HP) [a shining eye]
  2637 | D        | Gained mutation: Your magical capacity is low. (-10% MP) [a
                  | shining eye]
  2638 | D        | Gained mutation: Your magical capacity is very low. (-20%
                  | MP) [a shining eye]
  2640 | D        | Killed a shining eye
  2640 | D        | Reached ***** piety under Makhleb
  2657 | D        | Noticed an oklob plant
  2660 | D        | Killed an oklob plant
  2661 | D        | Reached skill level 14 in Unarmed Combat
  3093 | D        | Noticed a salamander
  3100 | D        | Killed a salamander
  3114 | D        | Reached XP level 11. HP: 94/111 MP: 7/7
  3288 | D        | Reached ****** piety under Makhleb
  3455 | D        | Paralysed by a floating eye for 2 turns
  3462 | D        | Paralysed by a floating eye for 3 turns
  3467 | D        | Paralysed by a floating eye for 4 turns
  3490 | D        | Found Gieruid's Assorted Antiques.
  3491 | D        | Found Wyph's Jewellery Emporium.
  3493 | D        | Found Rukadito's Magic Scroll Emporium.
  3502 | D        | Identified the ring "Doffuschoich" {Fire rElec}
  3511 | D        | Found Qotuponk's Antique Armour Shoppe.
  3511 | D        | Found Ankaoh's Antique Armour Shop.
  3511 | D        | Found Houbuj's General Store.
  3513 | D        | Found Quuzukkilui's Magic Scroll Emporium.
  3513 | D        | Found Jaulu Idu's General Store.
  3513 | D        | Found Plog's Magic Scroll Shoppe.
  3513 | D        | Found Zemn's Jewellery Boutique.
  3513 | D        | Found Canalor's Book Emporium.
  3513 | D        | Found Nattokiuna's Distillery.
  3513 | D        | Found Lizer's Armour Shoppe.
  3514 | D        | Found Ysticug's Antique Armour Boutique.
  3540 | D        | Bought the amulet of Qinaegux {Spirit rC+ Regen+ Int+4} for
                  | 524 gold pieces
  3614 | D        | Noticed a soul eater
  3666 | D        | Reached skill level 15 in Unarmed Combat
  3817 | D        | Noticed a lindwurm
  3822 | D        | Killed a lindwurm
  3877 | D        | Reached skill level 16 in Unarmed Combat
  4266 | D        | Noticed a 12-headed hydra
  4267 | D        | Paralysed by a floating eye for 3 turns
  4269 | D        | Slain by a 12-headed hydra

Illustrated notes

Levels and vault maps discovered:
D:        dungeon_sprint_1 [red_sonja_temple_1, red_sonja_temple_small_1]

Skill      XL: |  1  2  3  4  5  6  7  8  9 10 11 |
---------------+----------------------------------+-----
Fighting       | 3 4 5 7 8 9 10 12 14 | 14.1
Dodging        | 3 4 5 7 8 9 10 12 | 12.9
Shields        | 3 4 5 7 8 9 10 | 10.0
Unarmed Combat | 3 4 6 8 9 10 12 14 16 | 16.4

Action                   |  1- 3 |  4- 6 |  7- 9 | 10-12 || total
-------------------------+-------+-------+-------+-------++-------
Melee: Unarmed           |    22 |    21 |    39 |   146 ||   228
Evoke: Wand              |       |       |     1 |     2 ||     3
  Use: Potion            |       |       |     1 |       ||     1
       Scroll            |       |       |       |     1 ||     1
 Stab: Sleeping          |       |     1 |       |       ||     1
Armor: Skin              |     8 |       |       |       ||     8
       Robe              |     1 |     1 |     1 |       ||     3
       Troll leather arm |       |       |     1 |    56 ||    57
Dodge: Dodged            |     1 |     2 |    11 |    50 ||    64
Block: Kite shield       |     6 |     3 |    17 |    63 ||    89
